AoeStats
← 白鹿城大兵WOLOLO

Arena

509849001Analyzed
4v4 RM · 4d ago on Sep 28, 2026· 46m 6s· 8 players
Game mode
Random Map
Map size
Large (8 player)
Population
200
Speed
Normal
Resources
Standard
Victory
Conquest
Starting age
Dark Age
Ending age
Imperial Age
RankedLock teamsTeams togetherTeam positionsShared explorationLock speedFull tech treeHidden civsTurbo modeCheats
Victory
Defeat
🇨🇳 Spanish · China
1665
+8
🇦🇺 Italians · Australia
1457
+16
🇨🇳 Bulgarians · China
1349
+20
1279
+32
🇳🇿 Ethiopians · New Zealand
1487
-18
🇨🇳 Saracens · China
1461
-17
🇬🇧 Danes · United Kingdom
1446
-16
🇹🇷 Magyars · Türkiye
1441
-16
Lothwen
10:26 Feudal Age
14:07 Castle Age
12:44 Double-Bit Axe
15:41 Bow Saw
17:57 Scale Barding Armor
18:31 Horse Collar
27:18 Imperial Age
24:51 Gold Mining
26:15 Fletching
27:12 Wheelbarrow
26:55 Bodkin Arrow
27:01 Padded Archer Armor
28:11 Elite Skirmisher
29:51 Bracer
32:42 Ballistics
36:10 Chemistry
36:05 Pikeman
38:01 Siege Engineers
40:11 Guard Tower
Humble Villager
10:19 Feudal Age
11:42 Double-Bit Axe
14:05 Castle Age
12:09 Horse Collar
15:42 Bow Saw
16:24 Heavy Plow
16:47 Loom
23:09 Wheelbarrow
24:43 Hand Cart
25:08 Town Watch
30:12 Imperial Age
27:42 Fletching
27:55 Scale Mail Armor
28:05 Forging
29:39 Squires
29:24 Arson
29:57 Chain Mail Armor
29:53 Forging
30:16 Bodkin Arrow
30:21 Padded Archer Armor
31:10 Thumb Ring
31:34 Conscription
30:39 Hamask
31:04 Cranequins
32:15 Ballistics
32:55 Chemistry
31:34 Capped Ram
31:41 Elite Jomsviking
33:07 Plate Mail Armor
33:52 Iron Casting
35:27 Bracer
36:27 Blast Furnace
35:33 Elite Varangian Guard
36:48 Leather Archer Armor
36:46 Bloodlines
36:37 Husbandry
黑石塔
11:03 Feudal Age
15:05 Castle Age
13:29 Double-Bit Axe
14:00 Horse Collar
22:56 Bow Saw
24:30 Wheelbarrow
23:42 Loom
23:51 Gold Mining
24:11 Heavy Plow
29:31 Imperial Age
28:28 Scale Barding Armor
28:26 Padded Archer Armor
28:16 Fletching
29:34 Leather Archer Armor
29:00 Crossbowman
29:46 Thumb Ring
31:30 Chemistry
31:09 Hoardings
30:19 Arbalester
31:16 Bodkin Arrow
32:20 Bracer
32:48 Ballistics
33:54 Bracer
34:25 Ring Archer Armor
33:57 Elite Skirmisher
34:59 Fortified Wall
36:57 Scale Barding Armor
37:03 Forging
38:31 Chain Barding Armor
38:59 Conscription
39:30 Iron Casting
38:49 Light Cavalry
39:40 Bloodlines
39:30 Husbandry
40:04 Hussar
43:43 Plate Barding Armor
Wouldn'tyouknow
9:29 Feudal Age
13:03 Castle Age
11:21 Double-Bit Axe
14:04 Bow Saw
15:13 Loom
16:39 Horse Collar
22:39 Wheelbarrow
23:34 Heavy Plow
24:45 Hand Cart
26:44 Town Watch
29:36 Imperial Age
26:59 Fletching
26:55 Crossbowman
27:47 Bodkin Arrow
28:46 Gold Mining
29:38 Fortified Wall
29:47 Onager
30:34 Bracer
36:21 Chemistry
36:02 Arbalester
37:35 Padded Archer Armor
38:10 Ballistics
38:30 Thumb Ring
41:26 Conscription
King-WzRun
10:26 Feudal Age
14:23 Castle Age
12:32 Double-Bit Axe
12:36 Horse Collar
16:30 Bow Saw
19:18 Wheelbarrow
20:40 Padded Archer Armor
21:30 Leather Archer Armor
21:20 Gold Mining
21:55 Bloodlines
22:28 Husbandry
22:27 Loom
25:08 Heavy Plow
27:29 Hand Cart
36:21 Imperial Age
35:02 Stone Mining
35:10 Town Watch
36:29 Ballistics
36:45 Fletching
37:07 Masonry
38:13 Bodkin Arrow
38:49 Ring Archer Armor
39:20 Chemistry
38:11 Guard Tower
38:53 Architecture
39:04 Bracer
39:36 Caravan
40:24 Bombard Tower
41:15 Coinage
43:25 Banking
44:33 Arrowslits
Noob ai
9:47 Feudal Age
10:30 Feudal Age
11:14 Double-Bit Axe
14:08 Castle Age
12:27 Horse Collar
15:11 Bow Saw
16:39 Wheelbarrow
18:36 Heavy Plow
20:06 Loom
21:11 Gold Mining
21:47 Town Watch
21:53 Town Watch
25:16 Imperial Age
22:59 Stone Mining
23:21 Fletching
23:12 Treadmill Crane
24:31 Hand Cart
24:42 Bodkin Arrow
25:08 Ballistics
26:59 Chemistry
26:39 Stone Shaft Mining
28:38 Conscription
30:05 Bracer
30:56 Town Patrol
32:27 Hoardings
32:03 Masonry
33:31 Two-Man Saw
32:48 Elite Genoese Crossbowman
34:13 Architecture
33:43 Padded Archer Armor
34:08 Elite Skirmisher
35:55 Crop Rotation
35:54 Leather Archer Armor
36:50 Coinage
37:06 Ring Archer Armor
38:12 Thumb Ring
41:43 Bombard Tower
45:35 Murder Holes
时尚
10:50 Feudal Age
14:33 Castle Age
12:50 Double-Bit Axe
12:47 Horse Collar
15:36 Bow Saw
15:42 Heavy Plow
21:25 Wheelbarrow
20:55 Gold Mining
22:45 Gold Shaft Mining
22:30 Hand Cart
22:22 Loom
23:50 Town Watch
27:08 Imperial Age
24:51 Scale Mail Armor
25:10 Squires
24:55 Arson
25:38 Chain Mail Armor
25:43 Gambesons
26:31 Forging
28:09 Iron Casting
27:20 Capped Ram
28:37 Plate Mail Armor
28:26 Siege Engineers
28:10 Siege Ram
29:56 Blast Furnace
33:50 Coinage
33:14 Stone Mining
35:03 Banking
35:13 Stone Shaft Mining
36:55 Chemistry
36:15 Ballistics
36:06 Masonry
35:52 Murder Holes
37:48 Conscription
37:26 Stirrups
37:42 Scale Barding Armor
38:06 Elite Konnik
39:32 Chain Barding Armor
39:14 Husbandry
39:24 Bloodlines
39:59 Caravan
41:43 Plate Barding Armor
43:07 Fletching
44:16 Architecture
43:42 Bodkin Arrow
44:20 Bracer
白鹿城大兵WOLOLO
10:41 Feudal Age
14:42 Castle Age
13:25 Double-Bit Axe
13:58 Horse Collar
21:34 Wheelbarrow
22:21 Heavy Plow
24:34 Hand Cart
24:13 Gold Mining
27:10 Gold Shaft Mining
29:45 Imperial Age
28:22 Scale Barding Armor
28:27 Forging
28:43 Husbandry
28:54 Bloodlines
29:23 Cavalier
30:29 Chain Barding Armor
30:45 Iron Casting
30:51 Bow Saw
31:56 Plate Barding Armor
31:23 Savar
34:08 Blast Furnace
35:01 Capped Ram
35:46 Stone Mining
37:02 Two-Man Saw
36:18 Siege Ram
Connection lost

Rejoining the realm…

Still unreachable

The connection could not be restored.

Session expired

The server has moved on; the page needs a fresh start.